Map: Ultralove

Players

KimChiLoVer - Winner!

  • Race: Terran Terran
  • League: Diamond
  • Spawn Location: 1:00

A.I. 1 (Elite)

  • Race: Protoss Protoss
  • Spawn Location: 7:00

VOD

Have the link to the VOD?

Description

Time

  • Played on: Sept. 2, 2025, 10:28 p.m.
  • Length: 6:51
Show
View Real Time Build Order
Export as new Build Order

KimChiLoVer Terran - Winner!

Build Orders:  

Get SALT Encoding   

  12  0:00  SCV  
  13  0:12  SCV  
  14  0:18  Supply Depot  
  14  0:25  SCV  
  15  0:39  SCV  
  15  0:41  Barracks  
  16  0:43  Refinery  
  16  0:51  SCV  
  16  0:55  Refinery  
  17  1:03  SCV  
  18  1:15  SCV  
  19  1:27  Orbital Command  
  19  1:29  Reaper  
  19  1:30  Supply Depot  
  20  1:43  Factory  
  20  1:57  SCV  
  21  2:03  Barracks Reactor  
  21  2:12  SCV  
  22  2:17  Command Center  
  22  2:24  SCV  
  22  2:27  Supply Depot  
  23  2:37  Factory Tech Lab, Starport  
  23  2:40  SCV  
  24  2:49  Marine x2  
  29  3:15  Cyclone  
  29  3:18  Medivac  
  31  3:23  Supply Depot, Marine x2  
  33  3:40  Marine  
  33  3:41  Marine  
  35  3:43  Refinery  
  35  3:47  Siege Tank  
  35  3:48  SCV  
  39  3:49  Orbital Command  
  39  4:03  Marine x2  
  39  4:07  Viking  
  43  4:12  SCV  
  44  4:19  Siege Tank  
  47  4:29  Marine x2  
  49  4:32  SCV  
  50  4:44  SCV  
  50  4:45  Viking  
  53  4:47  Marine x2  
  53  4:51  Barracks, SCV, Siege Tank  
  53  4:52  Barracks  
  59  4:56  SCV  
  57  5:08  Marine x2  
  57  5:14  SCV  
  59  5:17  Supply Depot  
  59  5:26  SCV  
  60  5:31  SCV  
  61  5:36  Command Center  
  61  5:38  SCV  
  61  5:55  SCV  
  61  5:57  Barracks Tech Lab x2  
  59  5:58  Medivac, Siege Tank  
  59  5:59  Marine x2  
  59  6:00  SCV  
  59  6:03  Refinery  
  67  6:07  SCV  
  68  6:17  Marine x2  
  70  6:32  Supply Depot  
  70  6:34  Supply Depot  
  73  6:43  Supply Depot  
Show
View Real Time Build Order
Export as new Build Order

A.I. 1 (Elite) Protoss 

Build Orders:  

Get SALT Encoding   

  12  0:00  Probe  
  13  0:13  Probe  
  14  0:19  Pylon  
  14  0:25  Probe  
  15  0:33  Probe  
  15  0:42  Probe  
  16  0:47  Assimilator  
  17  0:50  Gateway  
  17  0:52  Probe  
  18  0:59  Pylon  
  18  1:00  Probe  
  19  1:08  Probe  
  19  1:18  Probe  
  21  1:36  Gateway  
  21  1:38  Zealot, Cybernetics Core, Probe  
  24  1:49  Pylon  
  24  1:50  Probe  
  25  2:00  Probe  
  25  2:06  Zealot  
  25  2:08  Probe  
  28  2:11  Assimilator  
  28  2:15  Warp Gate  
  29  2:16  Probe  
  29  2:23  Adept  
  29  2:28  Probe  
  31  2:32  Adept  
  33  2:41  Pylon, Probe  
  34  2:53  Adept, Probe  
  37  3:02  Sentry  
  37  3:03  Probe  
  40  3:11  Probe  
  40  3:19  Probe  
  42  3:30  Nexus  
  42  3:33  Stalker  
  42  3:38  Probe  
  45  3:50  Probe  
  45  3:51  Robotics Facility  
  46  4:02  Probe  
  47  4:04  Pylon  
  47  4:18  Probe  
  47  4:21  Adept  
  50  4:27  Probe  
  51  4:34  Adept  
  51  4:37  Probe  
  53  4:42  Adept, Probe  
  53  4:45  Probe  
  57  4:51  Robotics Bay  
  58  4:54  Probe x2  
  58  4:56  Observer  
  61  5:03  Robotics Facility  
  61  5:06  Probe x2  
  53  5:08  Stalker  
  53  5:12  Stalker  
  49  5:18  Probe  
  49  5:20  Gateway  
  44  5:31  Zealot  
  40  5:35  Stalker  
  41  5:48  Twilight Council  
  41  5:49  Adept  
  37  5:59  Zealot  
  28  6:25  Pylon  
  27  6:27  Zealot, Templar Archives  
Tags
 
League
Diamond
Matchup
PvT
Spawn Locations
Cross Positions
Add a new tag
Caveats
  • Supply blocks, unpowered buildings, or Contaminate may cause inaccurate times.
  • Supply counts are checked every 10 seconds.